 Dungeon Crawl Stone Soup version 0.23.0 (webtiles) character file.

Game seed: 4940252293298674848

91 Folque the Magician (level 4, 0/24 HPs)
             Began as a Deep Elf Air Elementalist on Feb 18, 2019.
             Slain by a hobgoblin
             ... wielding a +0 club
              (5 damage)
             ... on level 3 of the Dungeon.
             The game lasted 00:10:30 (2339 turns).

Folque the Magician (Deep Elf Air Elementalist)     Turns: 2339, Time: 00:10:36

Health: 0/24       AC:  2    Str:  5    XL:     4   Next: 34%
Magic:  0/11       EV: 13    Int: 21    God:
Gold:   80         SH:  0    Dex: 15    Spells: 4/10 levels left

rFire    . . .     SeeInvis .   e - +0 dagger
rCold    . . .     Gourm    .   (no shield)
rNeg     . . .     Faith    .   a - +0 robe
rPois    .         Spirit   .   (no helmet)
rElec    .         Reflect  .   (no cloak)
rCorr    .         Harm     .   (no gloves)
MR       .....                  (no boots)
Stlth    ++........             (no amulet)
HPRegen  0.08/turn              (no ring)
MPRegen  0.12/turn              (no ring)

@: slowed, very slow
A: no striking features
a: no special abilities


You were on level 3 of the Dungeon.
You were not hungry.

You visited 1 branch of the dungeon, and saw 3 of its levels.

You collected 80 gold pieces.

Inventory:

Hand Weapons
 e - a +0 dagger (weapon)
 g - a cursed -1 hand axe
 l - a +2 dagger of venom
Armour
 a - a +0 robe (worn)
Scrolls
 n - a scroll of identify {unknown}
 o - a scroll of remove curse {unknown}
 p - a scroll of teleportation {unknown}
Potions
 b - 2 potions of agility {unknown}
 d - a potion of brilliance {unknown}
 f - 3 potions of heal wounds {unknown}
 h - 2 potions of invisibility {unknown}
 i - a potion of berserk rage {unknown}
 k - a potion of mutation {unknown}
 m - a potion of cancellation {unknown}
Comestibles
 c - 4 rations
 j - a chunk of flesh


   Skills:
 - Level 2.4 Dodging
 - Level 2.4 Stealth
 + Level 3.9 Spellcasting
 + Level 2.9 Conjurations
 + Level 1.6 Charms
 * Level 3.8 Air Magic


You had 4 spell levels left.
You knew the following spells:

 Your Spells              Type           Power        Failure   Level  Hunger
a - Shock                 Conj/Air       ###.         3%          1    None
b - Swiftness             Chrm/Air       ###.....     6%          2    #......
c - Static Discharge      Conj/Air       ###.....     9%          3    ###....

Your spell library contained the following spells:

 Spells                   Type           Power        Failure   Level  Hunger
 Beastly Appendage        Tmut           #.....       12%         1    None
 Sticks to Snakes         Tmut           #.......     19%         2    #......
 Airstrike                Air            ###.......   26%         4    ####...
 Spider Form              Tmut/Pois      #.........   36%         3    ###....
 Ice Form                 Ice/Tmut       #.......     77%         4    ####...
 Lightning Bolt           Conj/Air       ###.......   63%         5    ######.
 Blade Hands              Tmut           #.........   98%         5    ######.


Dungeon Overview and Level Annotations

Branches:
Dungeon (3/15)

Altars:
Trog


Message History

The zap hits the orc but does no damage.
The orc is moderately wounded.
The orc hits you with a +0 hand axe.
The orc wizard gestures wildly while chanting.
The orc wizard blinks!
The orc barely misses you. The orc hits you with a +0 hand axe.
Casting: Shock (safe; 3% risk of failure)
Confirm with . or Enter, or press ? or * to list all spells.
The orc is struck by an arc of lightning!
You kill the orc!
The lightning grounds out.
The orc misses you. The hobgoblin hits you with a +0 club.
* * * LOW HITPOINT WARNING * * *
Casting: Static Discharge (safe; 9% risk of failure)
Confirm with . or Enter, or press ? or * to list all spells.
The orc is struck by an arc of lightning.
You kill the orc!
The lightning grounds out.
The adder barely misses you. The adder completely misses you.
The hobgoblin hits you with a +0 club.
You die...

.....# .....#
#.....#
##......#
##.......#
#######.<......#
#........#.....#
###g.....###
.#### #..o@....#
.# #.l†S.....#
$. #....#......#
## o...
#####..... ..#
.=#### . ###


You could see an orc wizard, an adder, an orc, a hobgoblin and a frilled lizard.

Vanquished Creatures
  An ooze (D:1)
  A worm (D:2)
  4 dart slugs
  4 leopard geckos
  4 orcs
  A ball python (D:2)
  5 giant cockroaches
  5 goblins
  6 hobgoblins
  6 jackals
  4 quokkas (D:2)
  4 bats
  6 frilled lizards
  7 kobolds
  7 rats
65 creatures vanquished.

Notes
Turn   | Place    | Note
-------+----------+-------------------------------------------
     0 | D:1      | Folque the Deep Elf Air Elementalist began the quest for
                  | the Orb.
     0 | D:1      | Reached XP level 1. HP: 10/10 MP: 6/6
   490 | D:1      | Reached XP level 2. HP: 14/15 MP: 2/8
   717 | D:1      | Reached XP level 3. HP: 9/19 MP: 0/10
   724 | D:1      | Learned a level 2 spell: Swiftness
   728 | D:1      | Learned a level 3 spell: Static Discharge
  1660 | D:2      | Reached skill level 1 in Charms
  1964 | D:2      | Found a bloodstained altar of Trog.
  1968 | D:2      | Reached XP level 4. HP: 20/24 MP: 7/11
  2339 | D:3      | Slain by a hobgoblin

Skill      XL: |  1  2  3 |
---------------+----------+-----
Conjurations   | 2 |  2.9
Charms         | 1 |  1.6
Dodging        | |  2.4
Stealth        | |  2.4
Spellcasting   | |  3.9
Air Magic      | |  3.8

Action                   |  1- 3 |  4- 6 || total
-------------------------+-------+-------++-------
Melee: Unarmed           |     8 |       ||     8
       Dagger            |    95 |    25 ||   120
 Cast: Shock             |    50 |    14 ||    64
       Static Discharge  |     1 |     2 ||     3
  Use: Scroll            |     2 |       ||     2
 Stab: Sleeping          |     4 |     1 ||     5
  Eat: Chunk             |     3 |     2 ||     5
Armor: Robe              |    32 |    11 ||    43
Dodge: Dodged            |   116 |    25 ||   141
